 Dungeon Crawl Stone Soup version 0.32-a0-933-ga8fa3634e4 (webtiles) character file.

Game seed: 3991700955375860636

137 woodenlegs the Vexing (level 5, -1/38 HPs)
             Began as a Formicid Hexslinger on Mar 26, 2024.
             Killed from afar by Natasha (5 damage)
             ... with a magic dart
             ... on level 2 of the Dungeon on Apr 15, 2024.
             The game lasted 00:13:15 (1754 turns).

woodenlegs the Vexing (Formicid Hexslinger)         Turns: 1754, Time: 00:13:16

Health: -1/38      AC:  3    Str: 12    XL:     5   Next: 43%
Magic:  8/8        EV: 12    Int: 13    God:
Gold:   70         SH:  0    Dex: 18    Spells: 6/8 levels left

rFire   . . .        a - +3 sling
rCold   . . .        (no shield)
rNeg    . . .        c - +0 robe
rPois   .            (helmet unavailable)
rElec   .            (no cloak)
rCorr   .            h - +0 pair of gloves
SInv    +            (no boots)
Will    .....        k - amulet of magic regeneration
Stlth   ++           (no ring)
HPRegen 0.26/turn    (no ring)
MPRegen 0.51/turn

%: no passive effects
@: no status effects
A: permanent stasis, dig shafts and tunnels, antennae 3, four strong arms
a: Dig, Shaft Self


You were on level 2 of the Dungeon.
You visited 1 branch of the dungeon, and saw 2 of its levels.

You collected 70 gold pieces.

Inventory:

Hand Weapons
 a - a +3 sling (weapon)
 o - a +0 quarterstaff
Missiles
 e - 4 atropa-tipped darts
 g - 25 stones
 i - 4 poisoned darts
Armour
 c - a +0 robe (worn)
 h - a +0 pair of gloves (worn)
Jewellery
 j - a ring of flight
 k - an amulet of magic regeneration (around neck)
Talismans
 f - a flux talisman
Scrolls
 m - 2 scrolls of noise
Potions
 b - a potion of curing {unknown}
 p - a potion of degeneration


   Skills:
 - Level 2.1 Fighting
 + Level 2.6 Ranged Weapons
 + Level 2.6 Dodging
 - Level 2.0 Spellcasting
 + Level 4.4 Hexes
 + Level 2.1 Fire Magic


You had 6 spell levels left.
You knew the following spells:

 Your Spells              Type           Power      Damage    Failure   Level
a - Jinxbite              Hex            24%        N/A       6%          2

Your spell library contained the following spells:

 Spells                   Type           Power      Damage    Failure   Level
 Sigil of Binding         Hex            12%        N/A       12%         3
 Scorch                   Fire           12%        2d5       16%         2
 Inner Flame              Hex/Fire       9%         N/A       21%         3
 Cause Fear               Hex            6%         N/A       38%         4
 Dimensional Bullseye     Hex/Tloc       3%         N/A       71%         4
 Flame Wave               Conj/Fire      4%         2d5       86%         4
 Summon Cactus Giant      Summ           0%         N/A       100%        6


Dungeon Overview and Level Annotations

Branches:
Dungeon (2/15)

Altars:

Annotations:
D:2 Natasha


Innate Abilities, Weirdness & Mutations

You cannot be hasted, slowed, berserked, paralysed or teleported.
You can dig through walls and to a lower floor.
You have a pair of large antennae on your head. (SInv)
Your four strong arms can wield two-handed weapons with a shield.


Message History

* * * LOW HITPOINT WARNING * * *
Fire: a) +3 sling
Press: ? - help, Q - select action, (/) - cycle Shift-Dir - straight line, f/p - Natasha
Aim: Natasha, carrying a wand of warping (severely wounded, 58% to hit)
You shoot a sling bullet.
The sling bullet hits Natasha but does no damage.
Natasha is severely wounded.
Fire: a) +3 sling
Press: ? - help, Q - select action, (/) - cycle Shift-Dir - straight line, f/p - Natasha
Aim: Natasha, carrying a wand of warping (severely wounded, 58% to hit)
You shoot a sling bullet.
The sling bullet closely misses Natasha.
Natasha mumbles some strange words.
Unknown command.
Fire: a) +3 sling
Press: ? - help, Q - select action, (/) - cycle Shift-Dir - straight line, f/p - Natasha
Aim: Natasha, carrying a wand of warping (severely wounded, 58% to hit)
You shoot a sling bullet. The sling bullet barely misses Natasha.
Natasha stares at you and mumbles some strange words.
The magic dart hits you.
* * * LOW HITPOINT WARNING * * *
Fire: a) +3 sling
Press: ? - help, Q - select action, (/) - cycle Shift-Dir - straight line, f/p - Natasha
Aim: Natasha, carrying a wand of warping (severely wounded, 58% to hit)
You shoot a sling bullet. The sling bullet hits Natasha.
Natasha is almost dead.
Natasha wildly gestures.
You feel troubled. Natasha claws you but does no damage. Natasha claws you.
* * * LOW HITPOINT WARNING * * *
Fire: a) +3 sling
Press: ? - help, Q - select action, (/) - cycle Shift-Dir - straight line, f/p - Natasha
Aim: Natasha, carrying a wand of warping (almost dead, 58% to hit)
You shoot a sling bullet.
The sling bullet completely misses Natasha.
The cerulean imp closely misses you.
Natasha stares at you and mumbles some strange words.
The magic dart hits you.
You die...
Natasha begins licking her fur clean.

#.# ####.#.#.....>.
#.# #..............
#.###.##.###.###...
#÷.......# ### #...
#..##.##.## ###.#.
###..##.##..# #....#
#....##.###.####.#.##
#.##.##.# #.#.....##
#.##@##†# #.#.##.#.##
#.##h##.# #.# #.#..#
#..5....# #.# #.#.#.
#.......#.... #.#.#.
#............ ..#.#.
##........... ....#.
#.....##..... ######
###.### ...<. #..#
####.


You could see Natasha and a cerulean imp (summoned).

Vanquished Creatures
  Natasha (twice) (D:2)
  2 adders (D:2)
  3 dart slugs
  5 ball pythons
  4 endoplasms
  3 giant cockroaches
  8 goblins
  8 hobgoblins
  2 jackals (D:2)
  2 quokkas
  5 bats
  4 frilled lizards
  6 kobolds
  5 rats
59 creatures vanquished.

Notes
Turn   | Place    | Note
-------+----------+-------------------------------------------
     0 | D:1      | woodenlegs the Formicid Hexslinger began the quest for the
                  | Orb.
     0 | D:1      | Reached XP level 1. HP: 15/15 MP: 2/2
   118 | D:1      | Reached XP level 2. HP: 21/21 MP: 3/3
   121 | D:1      | Learned a level 2 spell: Jinxbite
   264 | D:1      | Reached XP level 3. HP: 26/26 MP: 5/5
   264 | D:1      | Upgraded the game from 0.32-a0-841-g4648e6c457 to
                  | 0.32-a0-871-ge202e49faa
   264 | D:1      | Upgraded the game from 0.32-a0-871-ge202e49faa to
                  | 0.32-a0-900-g30fb1b0edc
   320 | D:1      | Upgraded the game from 0.32-a0-900-g30fb1b0edc to
                  | 0.32-a0-933-ga8fa3634e4
   413 | D:1      | Reached skill level 4 in Hexes
   906 | D:2      | Reached XP level 4. HP: 11/33 MP: 6/6
  1095 | D:2      | HP: 1/33 [hobgoblin/+0 trident (3)]
  1298 | D:2      | Noticed Natasha
  1301 | D:2      | Killed Natasha
  1402 | D:2      | Reached XP level 5. HP: 38/38 MP: 6/8
  1608 | D:2      | Noticed Natasha
  1612 | D:2      | Killed Natasha
  1745 | D:2      | Noticed Natasha
  1754 | D:2      | Killed from afar by Natasha

Illustrated notes

Levels and vault maps discovered:
D:1:      minmay_arrival_wavy_path, layout_loops_ring
D:2:      layout_loops_ring, uniq_natasha

Skill      XL: |  1  2  3  4  5 |
---------------+----------------+-----
Dodging        | 2 |  2.6
Hexes          | 4 |  4.4
Fighting       | 2 |  2.1
Spellcasting   | 2 |  2.0
Fire Magic     | 2 |  2.1
Ranged Weapons | |  2.6

Action                     |  1- 3 |  4- 6 || total
---------------------------+-------+-------++-------
   Fire: Sling             |    68 |    63 ||   131
  Throw: Dart              |    16 |     4 ||    20
   Cast: Jinxbite          |     3 |       ||     3
Ability: Dig               |    13 |       ||    13
    Use: Scroll            |     5 |     2 ||     7
         Potion            |     2 |       ||     2
 Armour: Robe              |    21 |    20 ||    41
         Skin              |     5 |       ||     5
  Dodge: Dodged            |    25 |     7 ||    32

Table legend: (Time is in decaauts)
 A = Elapsed time spent in this place.
 B = Non-inter-level travel time spent in this place.
 C = Inter-level travel time spent in this place.
 D = Time resting spent in this place.
 E = Time spent auto-exploring this place.
 F = Levels seen in this place.
 G = Mean time per level.
                   A        B        C        D        E       F      G
               +--------+--------+--------+--------+--------+-----+--------+
         Total |   1790 |   1777 |     13 |    224 |   1217 |   2 |  895.0 |
       Dungeon |   1790 |   1777 |     13 |    224 |   1217 |   2 |  895.0 |
               +--------+--------+--------+--------+--------+-----+--------+

Top non-repeatable levels by time:
     D:2: 895 daAuts
     D:1: 895 daAuts
